 Dungeon Crawl Stone Soup version 0.30.1-6-gbe392663c4 (webtiles) character file.

Game seed: 12655873105622059243

4449 Peloso the Carver (level 10, -2/85 (88) HPs)
             Began as a Minotaur Fighter on Sept 20, 2023.
             Slain by a wight
             ... wielding a +3 great sword of freezing
              (13 damage)
             ... on level 8 of the Dungeon.
             The game lasted 00:17:10 (8345 turns).

Peloso the Carver (Minotaur Fighter)                Turns: 8345, Time: 00:17:12

HP:   -2/85 (88)    AC: 12    Str: 22    XL:     10   Next: 15%
MP:   9/9           EV:  9    Int:  5    God:
Gold: 558           SH: 11    Dex: 13    Spells: 9/9 levels left

rFire   . . .        a - +1 long sword
rCold   . . .        d - +0 buckler
rNeg    + . .        c - +0 chain mail
rPois   .            (helmet restricted)
rElec   .            (no cloak)
rCorr   .            k - +0 pair of gloves
SInv    .            (no boots)
Will    .....        w - amulet "Oghir" {Reflect rN+ SH+5} Stlth
                     (no ring)
HPRegen 0.34/turn    (no ring)
MPRegen 0.11/turn

%: reflection
@: slowed, lightly drained, very slow
A: horns 2, retaliatory headbutt
a: no special abilities


You were on level 8 of the Dungeon.
You visited 2 branches of the dungeon, and saw 9 of its levels.
You also visited: Ossuary.

You collected 558 gold pieces.

Inventory:

Hand Weapons
 a - a +1 long sword (weapon)
Missiles
 D - a throwing net (quivered)
Armour
 b - a +0 scale mail
 c - a +0 chain mail (worn)
 d - a +0 buckler (worn)
 k - a +0 pair of gloves (worn)
Jewellery
 o - a ring of wizardry
 w - the amulet "Oghir" (around neck) {Reflect rN+ SH+5}
   (You acquired it in an ossuary)

   [amulet of reflection]

   It reflects blocked missile attacks.
   rN:        It protects you from negative energy.
   SH:        It affects your SH (+5).
 C - a ring of wizardry
 F - a ring of protection from fire
 G - an amulet of magic regeneration
 H - a +4 ring of slaying
Wands
 l - a wand of roots (15)
 A - a wand of paralysis (11)
 E - a wand of mindburst (21)
Scrolls
 g - a scroll of brand weapon
 h - 6 scrolls of teleportation
 n - 2 scrolls of immolation
 r - a scroll of acquirement
 v - a scroll of fog
 y - 2 scrolls of magic mapping {unknown}
 B - a scroll of silence
Potions
 e - 2 potions of haste
 f - a potion of flight
 i - 2 potions of brilliance
 j - a potion of might
 m - 4 potions of mutation
 p - a potion of magic {unknown}
 q - a potion of resistance {unknown}
 s - 2 potions of degeneration {unknown}
 u - a potion of attraction {unknown}
 x - 7 potions of curing
 z - 2 potions of heal wounds {unknown}


   Skills:
 + Level 8.2 Fighting
 + Level 11.3 Long Blades
 + Level 8.9 Armour
 + Level 3.4 Dodging
 + Level 1.9 Stealth
 + Level 7.7 Shields
 + Level 0.9 Evocations


You had 9 spell levels left.
You didn't know any spells.
Your spell library contained the following spells:

 Spells                   Type           Power      Damage    Failure   Level
 Apportation              Tloc           0%         N/A       97%         1
 Necrotise                Necr           0%         1d4       97%         1
 Summon Small Mammal      Summ           0%         N/A       97%         1
 Scorch                   Fire           0%         2d5       99%         2
 Flame Wave               Conj/Fire      0%         2d4       100%        4
 Summon Cactus Giant      Summ           0%         N/A       100%        6


Dungeon Overview and Level Annotations

Branches:
Dungeon (8/15)             Temple (1/1) D:7         Ossuary (visited)
   Lair: D:8-11

Altars:
Ashenzari
Cheibriados
Dithmenos
Elyvilon
Fedhas
Gozag
Hepliaklqana
Makhleb
Nemelex Xobeh
Qazlal
Ru
Sif Muna
Trog
Uskayaw
Vehumet
Wu Jian
Xom
Yredelemnul
Zin
The Shining One

Annotations:
D:5 Dig
D:6 Ice


Innate Abilities, Weirdness & Mutations

You have a pair of horns on your head.
You reflexively headbutt those who attack you in melee.


Message History

The hornet stings you.
You feel as though you will be slow longer.
The hornet stings you!
You feel as though you will be slow longer.
You block the hornet's attack.
The hornet stings you but does no damage.
You block the wight's attack. The hornet stings you!
You feel as though you will be slow longer.
The wight hits you with a +3 great sword of freezing!
The wight freezes you. The wight misses you. The hornet stings you!
* * * LOW HITPOINT WARNING * * *
You feel as though you will be slow longer.
The wight attacks as you move away!
The wight hits you with a +4 long sword.
* * * LOW HITPOINT WARNING * * *
You block the hornet's attack.
The wight hits you with a +4 long sword!
* * * LOW HITPOINT WARNING * * *
You partially resist.
You feel drained.
* * * LOW HITPOINT WARNING * * *
The wight closely misses you. You block the wight's attack.
As you read the scroll of fear, it crumbles to dust.
You assume a fearsome visage.
The hornet looks frightened!
The wight is unaffected. x3; The wight hits you but does no damage.
The wight hits you with a +4 long sword.
* * * LOW HITPOINT WARNING * * *
The wight barely misses you. You block the wight's attack.
The wight hits you but does no damage. x3
You feel better. You block the wight's attack. The wight barely misses you.
You furiously retaliate!
You headbutt the wight, but do no damage.
The wight barely misses you. You furiously retaliate!
You headbutt the wight! The wight attacks as you move away!
You block the wight's attack. The wight attacks as you move away!
The wight barely misses you. The wight hits you but does no damage.
The wight hits you from afar with a +0 spear.
* * * LOW HITPOINT WARNING * * *
The wight hits you with a +3 great sword of freezing!
You die...

#.......#.........#....#......
#########.........#....'......
#.........)......#....#......
#................'....#......
#....)..........##....#......
#.....##...##...##....#......
#..... #..z##.........#......
#..... #...z...[......#......
#..... #...z@.........#......
#.....................# .
#.....##...##.........# #.....
######...##....# . ...# #
....# ....# ....#


You could see 3 wights.

Vanquished Creatures
  Gastronok (D:8)
  Prince Ribbit (D:6)
  A wyvern (D:8)
  A steam dragon (D:7)
  Menkaure (D:6)
  Duvessa (D:4)
  3 ice beasts
  4 black bears
  An ogre (D:5)
  A centaur (D:7)
  An elf zombie (Ossuary)
  2 phantoms
  Blork the orc (D:5)
  A bullfrog (D:4)
  A gnoll sergeant (D:6)
  A scorpion (D:6)
  7 wights
  Dowan (D:4)
  A howler monkey (D:5)
  A centaur zombie (Ossuary)
  2 hounds
  A jelly (D:6)
  6 orc priests
  6 iguanas
  Terence (D:2)
  2 sleepcaps (D:6)
  3 orc wizards
  4 ogre zombies (Ossuary)
  7 mummies (Ossuary)
  4 adders
  7 gnolls
  2 white imps
  An ufetubus (D:5)
  16 orcs
  2 endoplasms
  2 giant cockroaches
  12 goblins
  5 hobgoblins
  3 jackals (D:4)
  8 kobolds
  5 quokkas
  7 ball pythons
  6 bats
  7 frilled lizards
  A gnoll zombie (Ossuary)
  9 goblin zombies (Ossuary)
  2 hobgoblin zombies (Ossuary)
  3 kobold zombies (Ossuary)
  2 quokka zombies (Ossuary)
  5 rats
  7 rat zombies (Ossuary)
180 creatures vanquished.

Notes
Turn   | Place    | Note
-------+----------+-------------------------------------------
     0 | D:1      | Peloso the Minotaur Fighter began the quest for the Orb.
     0 | D:1      | Reached XP level 1. HP: 19/19 MP: 0/0
   179 | D:1      | Found a faded altar of an unknown god.
   201 | D:1      | Reached XP level 2. HP: 17/27 MP: 1/1
   630 | D:1      | Reached XP level 3. HP: 33/33 MP: 2/2
   871 | D:2      | Reached skill level 3 in Long Blades
   915 | D:2      | Noticed Terence
   929 | D:2      | Killed Terence
  1304 | D:2      | Reached XP level 4. HP: 40/40 MP: 3/3
  1555 | D:2      | Reached skill level 4 in Long Blades
  1866 | D:3      | Found a hide-covered altar of Uskayaw.
  2387 | D:4      | Reached XP level 5. HP: 28/47 MP: 4/4
  2457 | D:4      | Noticed a black bear
  2495 | D:4      | Killed a black bear
  2496 | D:4      | Reached skill level 5 in Armour
  2742 | D:4      | Noticed Duvessa
  2742 | D:4      | Noticed Dowan
  2749 | D:4      | Killed Duvessa
  2750 | D:4      | Reached skill level 5 in Fighting
  2750 | D:4      | Reached skill level 5 in Long Blades
  2750 | D:4      | Reached skill level 1 in Dodging
  2750 | D:4      | Reached XP level 6. HP: 35/56 MP: 5/5
  2752 | D:4      | Killed Dowan
  3160 | D:4      | Reached XP level 7. HP: 22/61 MP: 6/6
  3173 | D:4      | Reached skill level 6 in Long Blades
  3775 | D:5      | Entered Level 5 of the Dungeon
  3786 | D:5      | Reached skill level 5 in Shields
  4096 | D:5      | Reached skill level 7 in Long Blades
  4108 | D:5      | Reached XP level 8. HP: 26/70 MP: 7/7
  4691 | D:5      | Noticed Blork the orc
  4695 | D:5      | Killed Blork the orc
  4948 | D:6      | Reached skill level 8 in Long Blades
  4966 | D:6      | Reached skill level 1 in Stealth
  5004 | D:6      | Noticed Prince Ribbit
  5016 | D:6      | Killed Prince Ribbit
  5238 | D:6      | Noticed Menkaure
  5245 | D:6      | Killed Menkaure
  5248 | D:6      | Found a sand-covered staircase.
  5256 | Ossuary  | Entered an ossuary
  5307 | Ossuary  | Reached skill level 9 in Long Blades
  5307 | Ossuary  | Reached XP level 9. HP: 78/78 MP: 8/8
  5857 | Ossuary  | Identified 2 scrolls of acquirement
  6092 | Ossuary  | Acquired the amulet "Oghir" {Reflect rN+ SH+5}
  6974 | D:6      | Reached skill level 10 in Long Blades
  7089 | D:7      | Found a staircase to the Ecumenical Temple.
  7154 | Temple   | Entered the Ecumenical Temple
  7796 | D:8      | Noticed Gastronok
  7813 | D:8      | Killed Gastronok
  7814 | D:8      | Reached skill level 11 in Long Blades
  7814 | D:8      | Reached XP level 10. HP: 82/88 MP: 9/9
  8341 | D:8      | HP: 4/87 [wight/+4 long sword (10)]
  8345 | D:8      | Slain by a wight

Illustrated notes

Levels and vault maps discovered:
D:1:      nagdon_arrival_double_spiral, layout_loops_ring,
          shapermc_ecumenical_altar_totnotflames
D:2:      layout_basic, serial_bayou_ford_a, uniq_terence
D:3:      layout_basic, mainiacjoe_overflow_brackets, serial_rivers,
          chequers_serial_rivers_micro_e, chequers_serial_rivers_room_b,
          chequers_serial_rivers_micro_b, chequers_serial_rivers_large_a
D:4:      layout_basic, supply_closet_lemuel, uniq_duvessa
D:5:      layout_basic, hangedman_abyss_or_decor_lesser_grid,
          grunt_ministairs_5, chequers_serial_rivers_room_b,
          due_unseen_surprise, uniq_blork_the_orc
D:6:      lemuel_ice_spiral_2, layout_basic,
          nicolae_ossuary_entry_false_entrances, chequers_serial_rivers_micro_e,
          uniq_menkaure, uniq_prince_ribbit1
D:7:      layout_loops_ring, minmay_temple_entry_sparse_star
D:8:      layout_gridville, uniq_gastronok
Temple:   compressed_dpeg_triangle_lava_temple

Skill      XL: |  1  2  3  4  5  6  7  8  9 |
---------------+----------------------------+-----
Armour         | 4 5 6 7 8 |  8.9
Fighting       | 4 5 6 8 |  8.2
Shields        | 4 5 6 7 |  7.7
Long Blades    | 3 4 5 7 9 11 | 11.3
Dodging        | 1 2 3 |  3.4
Stealth        | 1 |  1.9
Evocations     | |  0.9

Action                     |  1- 3 |  4- 6 |  7- 9 | 10-12 || total
---------------------------+-------+-------+-------+-------++-------
  Melee: Long sword        |    96 |   128 |   374 |    22 ||   620
         Headbutt          |    10 |    18 |    83 |     5 ||   116
  Evoke: Wand              |       |       |     9 |       ||     9
    Use: Potion            |     1 |     1 |     4 |     1 ||     7
         Scroll            |     4 |       |    11 |     1 ||    16
   Stab: Paralysed         |       |       |     4 |       ||     4
 Armour: Scale mail        |    41 |       |       |       ||    41
         Chain mail        |     4 |   100 |   133 |    10 ||   247
  Dodge: Dodged            |    43 |    51 |   126 |    13 ||   233
  Block: Buckler           |    29 |    34 |   102 |    17 ||   182
         Reflection        |       |       |     1 |       ||     1
